 Dungeon Crawl Stone Soup version 0.26-a0-639-g72c4674329 (webtiles) character file.

Game seed: 12705618578801945511

(classic levelgen) 14172 EnegeticOcto the Cleaver (level 11, -1/103 HPs)
             Began as a Deep Dwarf Fighter on Sept 28, 2020.
             Was the Champion of Uskayaw.
             Slain by a two-headed ogre
             ... wielding a +0 giant spiked club
              (7 damage)
             ... on level 2 of the Orcish Mines.
             The game lasted 00:05:17 (6898 turns).

EnegeticOcto the Cleaver (Deep Dwarf Fighter)       Turns: 6898, Time: 00:05:18

Health: -1/103     AC: 17    Str: 23    XL:     11   Next: 85%
Magic:  17/17      EV: 11    Int: 12    God:    Uskayaw [******]
Gold:   858        SH:  0    Dex: 17    Spells: 10/10 levels left

rFire    + . .     SeeInvis .   D - +5 battleaxe (vamp)
rCold    . . .     Faith    .   (shield currently unavailable)
rNeg     . . .     Spirit   .   q - +0 plate armour
rPois    .         Reflect  .   u - +0 helmet
rElec    .         Harm     .   p - +0 cloak
rCorr    .         Rampage  .   (no gloves)
MR       +....                  (no boots)
Stlth    ..........             (no amulet)
HPRegen  0.00/turn              J - ring of protection from cold
MPRegen  0.15/turn              M - ring of Circularity {Fire Int+3 Dex+5 Slay+3}

@: non-regenerating
A: damage resistance, heal wounds, sense surroundings 2, no regeneration
a: Heal Wounds, Stomp, Line Pass, Grand Finale, Renounce Religion


You were on level 2 of the Orcish Mines.
You worshipped Uskayaw.
Uskayaw was aware of your devotion.
You visited 3 branches of the dungeon, and saw 13 of its levels.
You also visited: Ossuary.

You collected 858 gold pieces.

Inventory:

Hand Weapons
 a - a +0 war axe of flaming
 D - a +5 vampiric battleaxe (weapon)
Missiles
 t - a throwing net (quivered)
Armour
 c - a +0 kite shield
 p - a +0 cloak (worn)
 q - a +0 plate armour (worn)
 u - a +0 helmet (worn)
Jewellery
 f - an uncursed ring of protection from fire
 J - a ring of protection from cold (left hand)
 M - the ring of Circularity (right hand) {Fire Int+3 Dex+5 Slay+3}
   (You found it on level 8 of the Dungeon)

   [ring of fire]

   It enhances your fire magic.
   It affects your intelligence (+3).
   It affects your dexterity (+5).
   It affects your accuracy and damage with ranged weapons and melee attacks
   (+3).
   It protects you from fire.
   It makes you vulnerable to cold.
Wands
 v - a wand of digging (2) {@v3}
 E - a wand of paralysis (17)
 K - a wand of iceblast (11) {@v2}
Scrolls
 e - a scroll of blinking
 g - a scroll of random uselessness {unknown}
 i - 2 scrolls of identify {@r1}
 l - 9 scrolls of remove curse {@r2}
 m - 2 scrolls of teleportation {@r3}
 n - a scroll of fear
 r - 3 scrolls of magic mapping {@r5}
 w - a scroll of fog
 B - a scroll of holy word
Potions
 b - a potion of brilliance {unknown}
 d - 3 potions of might {@q3}
 h - a potion of berserk rage
 j - 2 potions of ambrosia
 o - 3 potions of curing {@q1}
 z - a potion of haste {@q4}
 A - 2 potions of mutation
 G - 3 potions of lignification {@q7}
 H - 2 potions of heal wounds {@q2}
 I - a potion of resistance {@q6}


   Skills:
 + Level 7.9 Fighting
 * Level 12.4 Axes
 + Level 9.4 Armour
 + Level 7.1 Dodging
 - Level 6.0 Shields
 + Level 9.5 Invocations


You had 10 spell levels left.
You didn't know any spells.
Your spell library was empty.

Dungeon Overview and Level Annotations

Branches:
Dungeon (10/15)            Temple (1/1) D:5            Lair (0/6) D:9
    Orc (2/2) D:9             Elf (0/3) Orc:2       Ossuary (visited)

Altars:
Ashenzari
Cheibriados
Dithmenos
Elyvilon
Fedhas
Gozag
Hepliaklqana
Kikubaaqudgha
Makhleb
Nemelex Xobeh
Okawaru
Qazlal
Ru
Sif Muna
Trog
Uskayaw
Vehumet
Wu Jian
Xom
Yredelemnul
Zin
The Shining One

Shops:
D:5 !   D:6 [*=   D:8 =   D:9 [   Orc:2 }}

Annotations:
D:8 1 exclusion


Innate Abilities, Weirdness & Mutations

You are resistant to damage.
You can heal yourself by infusing magical energy.
You passively map the area around you.
You do not regenerate.


Message History

You are too injured to fight recklessly!
You are too injured to fight recklessly!
You are too injured to fight recklessly!
You feel much better.
An ogre comes into view. It is wielding a +0 giant spiked club.
The cyclops barely misses you.
You feel much better.
The cyclops is no longer sharing its pain.
The cyclops hits you!!
You slice the cyclops!!
You feel better.
You kill the cyclops!
You hit the ogre.
The ogre is lightly wounded.
You closely miss the troll.
The ogre mage mumbles some strange words.
The ogre mage flickers and vanishes!
Deactivating autopickup; reactivate with Ctrl-A.
The troll misses you. The troll closely misses you.
The troll claws you but does no damage.
You hit the ogre but do no damage.
The ogre is lightly wounded.
You slash the two-headed ogre! You closely miss the troll.
You slash the two-headed ogre! The ogre hits you but does no damage.
An ogre comes into view. It is wielding a +0 giant spiked club.
The troll closely misses you. The troll claws you but does no damage.
The troll closely misses you.
The two-headed ogre completely misses you.
The two-headed ogre hits you with a +0 giant spiked club.
The ogre shouts!
You hit the two-headed ogre.
You feel better.
The two-headed ogre is moderately wounded.
You hit the troll.
You feel better.
You slash the two-headed ogre! You slash the ogre!
You hear a shout!
The two-headed ogre hits you with a +0 giant club.
The two-headed ogre hits you with a +0 giant spiked club!
The troll closely misses you. The troll claws you.
The troll closely misses you.
The two-headed ogre hits you but does no damage.
The two-headed ogre hits you with a +0 giant spiked club!!
An ogre comes into view. It is wielding a +0 giant spiked club.
You are too injured to fight recklessly!
You are too injured to fight recklessly!
You are too injured to fight recklessly!
You are too injured to fight recklessly!
You are too injured to fight recklessly!
You are too injured to fight recklessly!
You are too injured to fight recklessly!
You are too injured to fight recklessly!
You are too injured to fight recklessly!
You are too injured to fight recklessly!
You are too injured to fight recklessly!
You are too injured to fight recklessly!
You are too injured to fight recklessly!
You are too injured to fight recklessly!
You are too injured to fight recklessly!
You are too injured to fight recklessly!
You are too injured to fight recklessly!
You are too injured to fight recklessly!
You feel much better.
The ogre shouts!
A troll comes into view.
The two-headed ogre hits you with a +0 giant spiked club!
The two-headed ogre hits you with a +0 giant club!
* * * LOW HITPOINT WARNING * * *
The troll bites you but does no damage. The troll claws you.
* * * LOW HITPOINT WARNING * * *
The troll claws you but does no damage.
The two-headed ogre hits you with a +0 giant club.
The two-headed ogre hits you with a +0 giant spiked club.
* * * LOW HITPOINT WARNING * * *
A two-headed ogre comes into view.
It is wielding a +0 giant spiked club and a +0 giant club.
The troll shouts!
An ogre comes into view. It is wielding a +0 giant club.
Things that are here:
a +0 giant spiked club; an ogre corpse You feel much better.
The two-headed ogre misses you. x2; Something hits you.
The two-headed ogre closely misses you. x2
A two-headed ogre comes into view.
It is wielding a +0 giant club and a +0 giant spiked club.
The two-headed ogre hits you but does no damage.
The two-headed ogre hits you with a +0 giant spiked club!!
* * * LOW HITPOINT WARNING * * *
Uskayaw prepares the audience for your solo!
The two-headed ogre is no longer paralysed.
The helpless two-headed ogre fails to defend itself.
You slash the two-headed ogre!
You feel better.
The two-headed ogre is heavily wounded.
You slash the two-headed ogre!
The troll is no longer paralysed. x2
The ogre is no longer paralysed. x2
The two-headed ogre is no longer paralysed.
The ogre is no longer paralysed.
The two-headed ogre is no longer paralysed.
The ogre is no longer paralysed.
The two-headed ogre hits you with a +0 giant club!
* * * LOW HITPOINT WARNING * * *
The two-headed ogre barely misses you.
The two-headed ogre hits you with a +0 giant spiked club!
* * * LOW HITPOINT WARNING * * *
The two-headed ogre hits you with a +0 giant club!
You die...

,,....................#.#.)# ,
,,,,.O...........#...#.#....).
,, ,.................##.#...).
, ,,........#.....#.##........
,, , ......)..#................
,, .∩O...[[O).#....#.........
,..O...)O(O..#.##...#...... ,
......TOO{...###.......... ,
..OT.OO.O@....###.....#... **
..##...##.#....# ..#.#.... ,
***. *##.#*###...#...#....... ,
, #.. #....##.......... ##..
##............... **
####...#####.#..#.......... *
##.###.##..#.∩..............
##...###................#....
###....#......#................


You could see 4 two-headed ogres, 2 trolls and 7 ogres.

Vanquished Creatures
  An ogre mage (Orc:2)
  4 two-headed ogres
  2 deep trolls (Orc:2)
  Pikel (D:5)
  An ugly thing (D:8)
  A manticore (D:8)
  A cyclops (Orc:2)
  Joseph (D:10)
  Grinder (D:5)
  2 trolls (Orc:2)
  2 dream sheep (D:8)
  4 hippogriffs
  A wraith (D:10)
  A wyvern (D:8)
  A yak (D:9)
  A basilisk (D:8)
  2 steam dragons
  A water moccasin (D:8)
  Duvessa (D:5)
  A black bear (D:9)
  4 sky beasts
  5 orc warriors
  An ice beast (D:8)
  3 necrophages
  A phantom (D:4)
  An eye of draining (D:9)
  13 ogres
  3 centaurs
  2 crocodiles (D:10)
  3 big kobolds
  4 bullfrogs
  Dowan (D:5)
  3 scorpions
  A water moccasin skeleton (D:10)
  5 wights (D:10)
  5 killer bees
  A centaur zombie (D:6)
  3 hounds
  A gnoll shaman (D:8)
  2 bullfrog zombies
  6 orc priests
  7 orc wizards
  A bullfrog skeleton (D:9)
  3 iguanas
  6 worker ants
  A big kobold zombie (Ossuary)
  A hound zombie (D:6)
  A mummy (Ossuary)
  A worker ant zombie (D:8)
  8 gnolls
  4 adders
  2 river rats (D:3)
  4 white imps
  3 ufetubi
  An ooze (D:3)
  3 adder skeletons
  5 worms
  A dart slug (D:4)
  2 leopard geckos (D:3)
  27 orcs
  A ball python (D:3)
  4 giant cockroaches
  2 gnoll zombies (Ossuary)
  3 goblins
  A hobgoblin (D:1)
  3 quokkas
  A ball python zombie (D:5)
  2 bats (D:3)
  2 frilled lizards
  3 goblin zombies (Ossuary)
  A hobgoblin zombie (Ossuary)
  A jackal skeleton (D:4)
  A jackal zombie (D:8)
  8 kobolds
  A kobold zombie (Ossuary)
  A leopard gecko skeleton (D:5)
  8 orc zombies (Ossuary)
  A quokka skeleton (D:7)
  9 rats
232 creatures vanquished.

Vanquished Creatures (others)
  A hound (D:7)
  3 fungi (D:9)
  11 plants
15 creatures vanquished.

Grand Total: 247 creatures vanquished

Notes
Turn   | Place    | Note
-------+----------+-------------------------------------------
     0 | D:1      | EnegeticOcto the Deep Dwarf Fighter began the quest for the
                  | Orb.
     0 | D:1      | Reached XP level 1. HP: 20/20 MP: 1/1
   113 | D:2      | Reached XP level 2. HP: 27/27 MP: 2/2
   116 | D:2      | Reached skill level 3 in Axes
   118 | D:2      | Reached XP level 3. HP: 28/34 MP: 3/3
   130 | D:2      | Found a hazy altar of Hepliaklqana.
   388 | D:3      | Reached XP level 4. HP: 28/42 MP: 4/4
   650 | D:4      | Reached skill level 4 in Axes
   650 | D:4      | Reached XP level 5. HP: 34/49 MP: 5/5
   674 | D:4      | Noticed a phantom
   698 | D:4      | Killed a phantom
   719 | D:4      | Reached XP level 6. HP: 48/56 MP: 6/6
   780 | D:4      | Found an ornate altar of the Wu Jian Council.
   811 | D:4      | Reached skill level 5 in Axes
   979 | D:5      | Entered Level 5 of the Dungeon
  1030 | D:5      | Noticed Dowan
  1031 | D:5      | Noticed Duvessa
  1042 | D:5      | Killed Duvessa
  1056 | D:5      | Killed Dowan
  1056 | D:5      | Reached XP level 7. HP: 64/64 MP: 7/7
  1061 | D:5      | Found a staircase to the Ecumenical Temple.
  1067 | Temple   | Entered the Ecumenical Temple
  1159 | Temple   | Became a worshipper of Makhleb the Destroyer
  1294 | D:5      | Noticed Grinder
  1294 | D:5      | Paralysed by Grinder for 5 turns
  1315 | D:5      | Killed Grinder
  1315 | D:5      | Reached skill level 6 in Axes
  1315 | D:5      | Reached skill level 5 in Armour
  1315 | D:5      | Reached skill level 5 in Shields
  1315 | D:5      | Reached skill level 1 in Invocations
  1376 | D:5      | Found an iron altar of Okawaru.
  1443 | D:5      | Found Cous's Distillery.
  1891 | D:5      | Noticed Pikel
  1907 | D:5      | Killed Pikel
  1907 | D:5      | Reached XP level 8. HP: 50/73 MP: 8/10
  2109 | D:6      | Reached skill level 7 in Axes
  2172 | D:6      | Found Peul Orgh's Antique Armour Boutique.
  2344 | D:6      | Found Tiriy's General Store.
  2419 | D:6      | Reached skill level 5 in Fighting
  2599 | D:6      | Found Uhaing's Jewellery Boutique.
  2982 | D:7      | Reached skill level 1 in Dodging
  3007 | D:7      | Reached skill level 8 in Axes
  3015 | D:7      | Reached * piety under Makhleb
  3114 | D:7      | Found a sand-covered staircase.
  3146 | D:7      | Gained mutation: You passively map the area around you.
                  | [Deep Dwarf growth]
  3146 | D:7      | Reached XP level 9. HP: 81/81 MP: 11/11
  3170 | Ossuary  | Entered an ossuary
  3662 | D:7      | Found a glowing silver altar of Zin.
  3900 | D:7      | Reached skill level 5 in Invocations
  4248 | D:8      | Reached ** piety under Makhleb
  4262 | D:8      | Reached skill level 9 in Axes
  4366 | D:8      | Noticed a white ugly thing
  4380 | D:8      | Killed a white ugly thing
  4455 | D:8      | Noticed a manticore
  4479 | D:8      | Reached XP level 10. HP: 89/91 MP: 13/13
  4496 | D:8      | Killed a manticore
  4512 | D:8      | Got a scintillating glass ring
  4540 | D:8      | Reached skill level 10 in Axes
  4595 | D:8      | Found Homal's Jewellery Shop.
  4842 | D:9      | Found Niypn's Armour Shoppe.
  4849 | D:9      | Found a staircase to the Orcish Mines.
  4982 | D:9      | Noticed a two-headed ogre
  4996 | D:9      | Killed a two-headed ogre
  4996 | D:9      | Reached skill level 5 in Dodging
  5014 | D:9      | Found a hide-covered altar of Uskayaw.
  5027 | D:9      | Fell from the grace of Makhleb
  5027 | D:9      | Became a worshipper of Uskayaw the Reveler
  5030 | D:9      | Identified the ring of Circularity {Fire Int+3 Dex+5
                  | Slay+3} (You found it on level 8 of the Dungeon)
  5159 | D:9      | Reached * piety under Uskayaw
  5168 | D:9      | Reached ** piety under Uskayaw
  5172 | D:9      | Reached *** piety under Uskayaw
  5175 | D:9      | Reached **** piety under Uskayaw
  5178 | D:9      | Reached ***** piety under Uskayaw
  5236 | D:9      | Reached skill level 11 in Axes
  5261 | D:9      | Found a snail-covered altar of Cheibriados.
  5280 | D:9      | Found a staircase to the Lair.
  5756 | D:10     | Entered Level 10 of the Dungeon
  5791 | D:10     | Noticed Joseph
  5804 | D:10     | Killed Joseph
  5804 | D:10     | Reached XP level 11. HP: 100/100 MP: 16/16
  6608 | Orc:1    | Entered Level 1 of the Orcish Mines
  6698 | Orc:2    | Entered Level 2 of the Orcish Mines
  6768 | Orc:2    | Found a staircase to the Elven Halls.
  6856 | Orc:2    | Found Cajoch's Gadget Shop.
  6873 | Orc:2    | Noticed an ogre mage
  6873 | Orc:2    | Noticed a deep troll
  6874 | Orc:2    | Noticed a two-headed ogre
  6875 | Orc:2    | Found Soyfron's Gadget Shoppe.
  6875 | Orc:2    | Noticed a deep troll
  6875 | Orc:2    | Noticed a two-headed ogre
  6876 | Orc:2    | Noticed a two-headed ogre
  6880 | Orc:2    | Killed a two-headed ogre
  6880 | Orc:2    | Killed a deep troll
  6882 | Orc:2    | Killed an ogre mage
  6882 | Orc:2    | Reached skill level 12 in Axes
  6883 | Orc:2    | Killed a two-headed ogre
  6883 | Orc:2    | Killed a deep troll
  6883 | Orc:2    | Killed a two-headed ogre
  6884 | Orc:2    | Reached ****** piety under Uskayaw
  6885 | Orc:2    | Noticed a two-headed ogre
  6885 | Orc:2    | Noticed an ogre mage
  6885 | Orc:2    | Noticed a two-headed ogre
  6886 | Orc:2    | Noticed a two-headed ogre
  6894 | Orc:2    | Noticed a two-headed ogre
  6896 | Orc:2    | Noticed a two-headed ogre
  6898 | Orc:2    | Slain by a two-headed ogre

Illustrated notes

Levels and vault maps discovered:
D:1:      evilmike_arrival_crescent, layout_rooms
D:2:      layout_basic, grunt_decor_mini_mirrors, lemuel_altar_in_water2
D:3:      layout_rooms, lightli_sewer_entry_pipes
D:4:      layout_cave_pools, kennysheep_mini_moat
D:5:      layout_basic, okawaru_ov_weapons_minmay, temple_green, serial_shops,
          shop, minivault_23, minmay_misc_feat_more_columns, minivault_26,
          uniq_grinder, uniq_pikel, uniq_duvessa
D:6:      layout_gridville, serial_shops, shop,
          nicolae_shop_competitors_out_of_business, shop
D:7:      layout_loops_corners, lemuel_round_altar, enter_ossuary_5
D:8:      hangedman_cross_veins, layout_rooms, serial_shops,
          kennysheep_little_box, hangedman_ranch [blue_anna_fruit_fields]
D:9:      layout_basic, slow_altar_1, lemuel_coloured_pillars_altar,
          grunt_lair_entry_orc_guard_hut, orc_david_3
D:10:     layout_irregular_city, uniq_joseph
Temple:   minmay_crystal_spiral_temple
Orc:1:    layout_diamond_mine, mines5_lemuel
Orc:2:    st_orc_open, layout_caves, serial_shops, shop, elf_legates

Skill      XL: |  1  2  3  4  5  6  7  8  9 10 11 |
---------------+----------------------------------+-----
Axes           | 3 4 5 6 8 9 11 12 | 12.4
Fighting       | 3 4 5 6 7 |  7.9
Armour         | 4 5 6 7 8 9 |  9.4
Shields        | 4 5 6 |  6.0
Invocations    | 2 4 6 8 9 |  9.5
Dodging        | 1 4 5 7 |  7.1

Action                   |  1- 3 |  4- 6 |  7- 9 | 10-12 || total
-------------------------+-------+-------+-------+-------++-------
Melee: War axe           |    64 |   130 |   113 |       ||   307
       Battleaxe         |       |       |   240 |   248 ||   488
 Abil: Heal Wounds       |       |     4 |    10 |     4 ||    18
  Use: Scroll            |       |       |       |    24 ||    24
 Stab: Paralysed         |       |       |       |    21 ||    21
Armor: Scale mail        |     7 |       |       |       ||     7
       Chain mail        |    41 |    17 |       |       ||    58
       Plate armour      |       |    66 |   226 |   175 ||   467
Dodge: Dodged            |    21 |    27 |   110 |   173 ||   331
Block: Kite shield       |    48 |    60 |    68 |       ||   176

Table legend: (Time is in decaauts)
 A = Elapsed time spent in this place.
 B = Non-inter-level travel time spent in this place.
 C = Inter-level travel time spent in this place.
 D = Time resting spent in this place.
 E = Time spent auto-exploring this place.
 F = Levels seen in this place.
 G = Mean time per level.
                   A        B        C        D        E       F      G
               +--------+--------+--------+--------+--------+-----+--------+
         Total |   7110 |   6461 |    649 |     82 |   4658 |  14 |  507.9 |
       Dungeon |   6367 |   5891 |    476 |     82 |   4293 |  10 |  636.7 |
        Temple |    309 |    156 |    153 |      0 |    152 |   1 |  309.0 |
  Orcish Mines |    293 |    274 |     19 |      0 |    211 |   2 |  146.5 |
       Ossuary |    140 |    140 |      0 |      0 |      2 |   1 |  140.0 |
               +--------+--------+--------+--------+--------+-----+--------+

Top non-repeatable levels by time:
     D:9: 1043 daAuts
     D:5: 993 daAuts
     D:7: 891 daAuts
    D:10: 838 daAuts
     D:6: 837 daAuts
     D:8: 713 daAuts
     D:4: 468 daAuts
     D:3: 422 daAuts
  Temple: 309 daAuts
   Orc:2: 203 daAuts
 Ossuary: 140 daAuts
     D:1: 117 daAuts
   Orc:1: 90 daAuts
     D:2: 41 daAuts
